 Dungeon Crawl Stone Soup version 0.22-a0-284-g99d1f74 (webtiles) character file.

86 Serpenta the Cutter (level 4, 0/31 HPs)
             Began as an Octopode Chaos Knight on Mar 20, 2018.
             Slain by an ogre
             ... wielding a +0 giant spiked club
              (31 damage)
             ... on level 2 of the Dungeon.
             The game lasted 00:02:01 (1416 turns).

Serpenta the Cutter (Octopode Chaos Knight)         Turns: 1416, Time: 00:02:02

Health: 0/31       AC:  1    Str: 11    XL:     4   Next: 50%
Magic:  4/4        EV: 13    Int: 14    God:    Xom [......]
Gold:   61         SH:  0    Dex: 12    Spells: 3/3 levels left

rFire    . . .     SeeInvis .   a - +0 short sword (chaos)
rCold    . . .     Gourm    .   (no shield)
rNeg     . . .     Faith    .   (helmet restricted)
rPois    .         Spirit   .   (no amulet)
rElec    .         Reflect  .   (no ring)
rCorr    .         Harm     .   (no ring)
MR       .....                  (no ring)
Stlth    +++.......             (no ring)
HPRegen  0.10/turn              (no ring)
MPRegen  0.09/turn              (no ring)
                                (no ring)
                                (no ring)

@: no status effects
A: almost no armour, stealthy swim, amphibious, 8 rings, constrict 8, camouflage
1, gelatinous body 1
a: Renounce Religion


You were on level 2 of the Dungeon.
You worshipped Xom.
You were a very special plaything of Xom.
You were not hungry.

You visited 1 branch of the dungeon, and saw 2 of its levels.

You collected 61 gold pieces.


Innate Abilities, Weirdness & Mutations

You cannot wear most types of armour.
You are very stealthy in the water. (Stealth+)
You are amphibious.
You can wear up to eight rings at the same time.
You can use your tentacles to constrict eight enemies at once.
Your skin changes colour to match your surroundings (Stealth+).
Your rubbery body absorbs attacks. (AC +1, EV +1)


   Skills:
 - Level 3.0 Fighting
 + Level 4.2 Short Blades
 - Level 2.3 Dodging
 + Level 4.0 Stealth


You had 3 spell levels left.
You didn't know any spells.

Action                   |  1- 3 |  4- 6 || total
-------------------------+-------+-------++-------
Melee: Short sword       |    81 |    11 ||    92
       Constrict         |    18 |     1 ||    19
       Tentacles         |    11 |     1 ||    12
  Use: Scroll            |     1 |       ||     1
 Stab: Sleeping          |     9 |     3 ||    12
       Paralysed         |     1 |       ||     1
  Eat: Chunk             |     1 |     1 ||     2
Armor: Skin              |       |     2 ||     2
Dodge: Dodged            |    30 |     3 ||    33

Inventory:

Hand Weapons
 a - a +0 short sword of chaos (weapon)
Scrolls
 d - a scroll of amnesia
 e - a scroll of identify
Comestibles
 b - 3 rations

≈≈≈S≈#..#≈≈≈≈≈≈
≈≈≈≈≈≈..≈≈≈≈≈≈≈
≈≈≈≈≈≈..≈≈≈≈≈≈≈
≈≈≈≈≈≈..≈≈≈≈≈≈≈
≈≈≈≈≈≈r.≈≈≈≈≈≈#
#≈≈≈≈≈..≈≈≈≈≈#
#≈≈≈≈O.≈≈≈≈#
#≈≈≈.@≈≈≈#
####''#### #..#
##.# #. #.#
############.
#.#
#.)........#.
#.#
#<########.#.
#.####.### #.#.
######.##.....#
#.#.


You could see an ogre, a ball python (sleeping) and a rat (sleeping).

Vanquished Creatures
  Terence (D:2)
  An adder (D:2)
  2 oozes (D:1)
  2 dart slugs (D:1)
  A leopard gecko (D:1)
  5 bats
  A giant cockroach (D:1)
  5 goblins
  4 hobgoblins (D:1)
  4 jackals (D:1)
  5 kobolds
  3 frilled lizards
  4 rats
38 creatures vanquished.

Vault maps used:
D:1:      minmay_arrival_checkered_box
D:2:      kennysheep_big_flooded_room, uniq_terence, uniq_natasha


Message History

You hit the goblin.
Space warps horribly around the goblin!
You kill the goblin!
Your Stealth skill increases to level 4!
No target in view!
A frilled lizard comes into view.
You see here a dagger.
The helpless frilled lizard fails to defend itself.
You impale the frilled lizard!!
You kill the frilled lizard!
You open the large door.
A rat and an ogre come into view.
There is a large open door here.
A ball python comes into view.
The helpless ogre fails to defend itself.
You puncture the ogre! You burn the ogre.
The ogre is severely wounded.
The ogre hits you with a giant spiked club!!
Ouch! That really hurt!
You die...
Xom laughs nastily!

Notes
Turn   | Place    | Note
-------+----------+-------------------------------------------
     0 | D:1      | Serpenta the Octopode Chaos Knight began the quest for the Orb.
     0 | D:1      | Reached XP level 1. HP: 16/16 MP: 1/1
    21 | D:1      | Reached skill level 1 in Stealth
    43 | D:1      | XOM: smoke on damage
    44 | D:1      | Reached XP level 2. HP: 17/21 MP: 2/2
   331 | D:1      | XOM: butterfly on damage
   380 | D:1      | XOM: silly message
   414 | D:1      | XOM: harmless Air miscast
   654 | D:1      | Reached XP level 3. HP: 26/26 MP: 3/3
   980 | D:1      | XOM: divination: magic mapping
  1221 | D:2      | Noticed Terence
  1225 | D:2      | XOM: blink monster(s)
  1232 | D:2      | Killed Terence
  1232 | D:2      | Reached XP level 4. HP: 21/31 MP: 4/4
  1413 | D:2      | Noticed an ogre
  1416 | D:2      | Slain by an ogre
